 Dungeon Crawl Stone Soup version 0.29-a0-341-g24ffce5b50 (webtiles) character file.

Game seed: 15850459752429555788

1369 Atlas the Gusty (level 8, -3/46 (48) HPs)
             Began as an Octopode Air Elementalist on Apr 21, 2022.
             Was an Initiate of Gozag.
             Slain by a wight
             ... wielding a +3 dire flail
              (5 damage)
             ... on level 6 of the Dungeon.
             The game lasted 00:08:40 (7373 turns).

Atlas the Gusty (Octopode Air Elementalist)         Turns: 7373, Time: 00:08:41

HP:   -3/46 (48)    AC:  1    Str:  7    XL:     8   Next: 65%
MP:   14/16         EV: 13    Int: 20    God:    Gozag
Gold: 192           SH:  0    Dex: 12    Spells: 8/18 levels left

rFire   . . .      SeeInvis .   n - +0 short sword (venom)
rCold   + . .      Faith    .   (no shield)
rNeg    . . .      Spirit   .   (helmet restricted)
rPois   .          Reflect  .   (no amulet)
rElec   .          Harm     .   m - ring of protection from cold
rCorr   .          Rampage  .   C - ring of flight
Will    .....                   (no ring)
Stlth   ++++......              (no ring)
HPRegen 0.15/turn               (no ring)
MPRegen 0.15/turn               (no ring)
                                (no ring)
                                (no ring)

@: lethally poisoned (-3 -> -12), flying, lightly drained
A: almost no armour, amphibious, 8 rings, camouflage 1, gelatinous body 1,
(nimble swimmer 1), tentacles
a: Renounce Religion, Potion Petition, Call Merchant, Bribe Branch


You were on level 6 of the Dungeon.
You worshipped Gozag.
Gozag was aware of your devotion.
You visited 2 branches of the dungeon, and saw 7 of its levels.

You collected 293 gold pieces.
You paid 101 gold pieces to Gozag.

Inventory:

Hand Weapons
 n - a +0 short sword of venom (weapon)
Missiles
 B - 6 curare-tipped darts
Jewellery
 m - a ring of protection from cold (left tentacle)
 C - a ring of flight (right tentacle)
 D - a +4 ring of protection
Wands
 w - a wand of flame (15)
Scrolls
 c - 7 scrolls of identify {unknown}
 e - a scroll of immolation {unknown}
 i - 4 scrolls of magic mapping {unknown}
 j - a scroll of vulnerability {unknown}
 k - 4 scrolls of enchant armour {unknown}
 p - a scroll of brand weapon {unknown}
 r - a scroll of acquirement {unknown}
 s - a scroll of amnesia {unknown}
 t - a scroll of noise {unknown}
 v - a scroll of teleportation {unknown}
 y - a scroll of blinking {unknown}
Potions
 a - 3 potions of magic
 b - a potion of mutation {unknown}
 d - 2 potions of attraction {unknown}
 f - a potion of ambrosia {unknown}
 g - a potion of degeneration {unknown}
 h - 4 potions of heal wounds
 l - 3 potions of berserk rage {unknown}
 o - 3 potions of brilliance {unknown}
 q - a potion of haste {unknown}
 u - 2 potions of resistance {unknown}
 x - a potion of curing {unknown}
 z - 2 potions of flight {unknown}
 A - a potion of lignification {unknown}


   Skills:
 + Level 1.5 Fighting
 + Level 2.3 Short Blades
 + Level 3.3 Dodging
 + Level 5.3 Stealth
 + Level 5.6 Spellcasting
 + Level 4.1 Conjurations
 + Level 5.9 Air Magic


You had 8 spell levels left.
You knew the following spells:

 Your Spells              Type           Power      Damage    Failure   Level
a - Shock                 Conj/Air       100%       1d9       1%          1
b - Static Discharge      Conj/Air       25%        N/A       1%          2
c - Swiftness             Air            29%        N/A       3%          3
d - Airstrike             Air            14%        N/A       10%         4

Your spell library contained the following spells:

 Spells                   Type           Power      Damage    Failure   Level
 Poisonous Vapours        Pois/Air       34%        N/A       4%          2
 Sting                    Tmut/Pois      20%        1d4       11%         1
 Summon Small Mammal      Summ           20%        N/A       11%         1
 Blink                    Tloc           10%        N/A       17%         2
 Call Canine Familiar     Summ           5%         N/A       32%         3
 Lesser Beckoning         Tloc           5%         N/A       32%         3
 Summon Guardian Golem    Hex/Summ       5%         N/A       32%         3
 Olgreb's Toxic Radiance  Pois           5%         N/A       73%         4
 Manifold Assault         Tloc           5%         N/A       97%         5


Dungeon Overview and Level Annotations

Branches:
Dungeon (6/15)             Temple (1/1) D:6

Altars:
Cheibriados
Dithmenos
Fedhas
Gozag
Hepliaklqana
Makhleb
Nemelex Xobeh
Okawaru
Ru
Wu Jian
Yredelemnul
The Shining One
Lugonu

Annotations:
D:5 3 runed translucent doors, indyram44's ghost, weakling GnDe; kevlar127's ghost, novice TrBe; pigah's ghost, novice OpAE; seaofthunder's ghost, amateur HuNe


Innate Abilities, Weirdness & Mutations

You cannot wear most types of armour.
You are amphibious.
You can wear up to eight rings at the same time.
Your skin changes colour to match your surroundings (Stealth+).
Your rubbery body absorbs attacks. (AC +1, EV +1)
((You are camouflaged when in or above water. (Stealth+)))
You have tentacles for arms and can constrict up to eight enemies at once.


Message History

Unknown command.
You start resting.
A nearby demonic plant withers and dies.
You start resting.
A nearby demonic plant withers and dies.
You start resting.
Magic restored.
You start resting.
HP restored.
You start waiting.
Done waiting.
You now have 192 gold pieces (gained 5).
Things that are here:
a +2 scimitar; a +0 robe
There is a staircase back to the Dungeon here.
You fly upwards.
Welcome back to the Dungeon!
The water moccasin bites you!
You are poisoned.
The water moccasin poisons you! The wight closely misses you.
The water moccasin bites you!
The wight hits you with a +3 dire flail.
There is a staircase to the Ecumenical Temple, spattered with blood here.
Unknown command.
Casting: Static Discharge (safe; 1% risk of failure)
Confirm with . or Enter, or press ? or * to list all spells.
The wight is struck by an arc of lightning!
The wight is heavily damaged.
The lightning grounds out.
The water moccasin is struck by an arc of lightning.
The water moccasin is lightly wounded.
You are struck by an arc of lightning.
The water moccasin is struck by an arc of lightning.
The water moccasin is moderately wounded.
The lightning grounds out.
You feel very sick. The water moccasin bites you.
The wight hits you with a +3 dire flail!
* * * LOW HITPOINT WARNING * * *
You feel drained.
You die...
Your body crumbles into a pile of gold.

..........##............#
..........#.....$..#.....
............##...#.......
.....................#
................#.#.## #.
..............###.# .#...
##..........###...##.....
#.....#...#........#.....
............##..@S.##....
..........#..#.z......#./
..........##.##...###...
..............#.### ...
.###....#.....#.#... .. .
##...............# .
##.....[...#......
.................. $ ...
.##....


You could see a water moccasin and a wight.

Vanquished Creatures
  A black bear (D:6)
  A sky beast (D:6)
  2 centaurs
  2 phantoms
  A kobold brigand (D:6)
  A scorpion (D:4)
  2 bullfrogs
  2 necrophages (D:5)
  2 wights
  3 iguanas
  Natasha (thrice) (D:3)
  An orc wizard (D:4)
  Robin (D:3)
  4 gnolls (D:4)
  6 adders
  3 ufetubi
  A worm (D:3)
  5 orcs
  2 bats (D:1)
  8 endoplasms
  4 giant cockroaches
  11 hobgoblins
  11 jackals
  13 kobolds
  6 quokkas
  4 ball pythons
  2 frilled lizards
  24 goblins
  9 rats
135 creatures vanquished.

Vanquished Creatures (others)
  2 demonic plants (Temple)
  2 withered plants (D:5)
4 creatures vanquished.

Grand Total: 139 creatures vanquished

Notes
Turn   | Place    | Note
-------+----------+-------------------------------------------
     0 | D:1      | Atlas the Octopode Air Elementalist began the quest for the
                  | Orb.
     0 | D:1      | Reached XP level 1. HP: 11/11 MP: 3/3
    35 | D:1      | Reached XP level 2. HP: 13/17 MP: 0/5
   607 | D:1      | Reached XP level 3. HP: 21/21 MP: 2/6
   610 | D:1      | Learned a level 2 spell: Static Discharge
   614 | D:1      | Learned a level 3 spell: Swiftness
  1530 | D:2      | Found a faded altar of an unknown god.
  1880 | D:3      | Reached XP level 4. HP: 16/27 MP: 0/7
  2357 | D:3      | Noticed Natasha
  2371 | D:3      | Killed Natasha
  2683 | D:3      | Noticed Natasha
  2740 | D:3      | Killed Natasha
  2741 | D:3      | Reached XP level 5. HP: 10/32 MP: 6/9
  2896 | D:3      | Noticed Natasha
  2900 | D:3      | Killed Natasha
  3002 | D:3      | Found a burning altar of Makhleb.
  3188 | D:3      | Noticed Robin
  3799 | D:3      | Killed Robin
  3979 | D:4      | Reached skill level 1 in Short Blades
  3979 | D:4      | Reached XP level 6. HP: 37/37 MP: 4/11
  4045 | D:4      | Learned a level 4 spell: Airstrike
  4210 | D:4      | Reached skill level 1 in Fighting
  4362 | D:4      | Found an iron altar of Okawaru.
  4382 | D:4      | Reached XP level 7. HP: 26/43 MP: 3/12
  5118 | D:5      | Entered Level 5 of the Dungeon
  5261 | D:5      | Reached skill level 5 in Stealth
  5307 | D:5      | Found a sacrificial altar of Ru.
  5307 | D:5      | Found a basalt altar of Yredelemnul.
  5309 | D:5      | Found a hazy altar of Hepliaklqana.
  5734 | D:5      | Found a runed translucent gate.
  5735 | D:5      | Found a runed translucent gate.
  5735 | D:5      | Found a runed translucent gate.
  5736 | D:5      | Noticed indyram44's ghost (weakling GnDe)
  5736 | D:5      | Noticed pigah's ghost (novice OpAE)
  5736 | D:5      | Noticed seaofthunder's ghost (amateur HuNe)
  5736 | D:5      | Noticed kevlar127's ghost (novice TrBe)
  6264 | D:6      | Reached skill level 5 in Air Magic
  6264 | D:6      | Reached XP level 8. HP: 31/48 MP: 5/14
  6604 | D:6      | Reached skill level 5 in Spellcasting
  6943 | D:6      | Found a staircase to the Ecumenical Temple.
  6950 | Temple   | Entered the Ecumenical Temple
  6976 | Temple   | Became a worshipper of Gozag Ym Sagoz the Greedy
  7373 | D:6      | HP: 2/48 [wight/+3 dire flail (17)]
  7373 | D:6      | Slain by a wight

Illustrated notes

Levels and vault maps discovered:
D:1:      co_arrival_hall_of_pillars, layout_basic, minmay_cupped
D:2:      layout_rooms, chequers_ecumenical_altar_simple
D:3:      layout_loops_ring, lemuel_round_altar, grunt_ministairs_10,
          minmay_parallelograms, minivault_25, uniq_robin, uniq_natasha
D:4:      layout_loops_cross, okawaru_ov_weapons_minmay
D:5:      layout_rooms, grunt_temple_overflow_open, gammafunk_ghost_cemetery
D:6:      layout_cave_pools, grunt_qazlal_clouds, minmay_temple_entry_slanted,
          hangedman_decor_opposing
Temple:   corrupted_temple

Skill      XL: |  1  2  3  4  5  6  7  8 |
---------------+-------------------------+-----
Stealth        | 3 4 5 |  5.3
Conjurations   | 2 3 4 |  4.1
Spellcasting   | 3 4 5 |  5.6
Short Blades   | 1 2 |  2.3
Air Magic      | 4 5 |  5.9
Fighting       | 1 |  1.5
Dodging        | 3 |  3.3

Action                   |  1- 3 |  4- 6 |  7- 9 || total
-------------------------+-------+-------+-------++-------
Melee: Unarmed           |    12 |       |       ||    12
       Constrict         |    13 |    15 |     8 ||    36
       Tentacles         |     8 |    13 |     6 ||    27
       Dagger            |    23 |       |       ||    23
       Short sword       |     7 |    60 |    25 ||    92
       Punch             |       |     2 |     3 ||     5
 Cast: Shock             |    61 |    94 |    28 ||   183
       Static Discharge  |     1 |     3 |    11 ||    15
       Airstrike         |       |       |    15 ||    15
 Stab: Sleeping          |     1 |     5 |     2 ||     8
Armor: Skin              |     6 |     2 |     1 ||     9
Dodge: Dodged            |    38 |    39 |    37 ||   114

Table legend: (Time is in decaauts)
 A = Elapsed time spent in this place.
 B = Non-inter-level travel time spent in this place.
 C = Inter-level travel time spent in this place.
 D = Time resting spent in this place.
 E = Time spent auto-exploring this place.
 F = Levels seen in this place.
 G = Mean time per level.
                   A        B        C        D        E       F      G
               +--------+--------+--------+--------+--------+-----+--------+
         Total |   7395 |   7173 |    222 |    847 |   5423 |   7 | 1056.4 |
       Dungeon |   6993 |   6793 |    200 |    502 |   5411 |   6 | 1165.5 |
        Temple |    401 |    379 |     22 |    345 |     12 |   1 |  401.0 |
               +--------+--------+--------+--------+--------+-----+--------+

Top non-repeatable levels by time:
     D:3: 2112 daAuts
     D:5: 1248 daAuts
     D:4: 1189 daAuts
     D:1: 971 daAuts
     D:2: 898 daAuts
     D:6: 573 daAuts
  Temple: 401 daAuts
